 Dungeon Crawl Stone Soup version 0.26-a0-70-g31f1466007 (console) character file.

Game seed: 4002311658684853229

43 Bikaver the Sneak (level 3, -6/19 HPs)
             Began as a Deep Elf Conjurer on June 13, 2020.
             Mangled by Terence
             ... wielding a cursed -2 mace
              (14 damage)
             ... on level 2 of the Dungeon.
             The game lasted 00:05:23 (1084 turns).

Bikaver the Sneak (Deep Elf Conjurer)               Turns: 1084, Time: 00:05:24

Health: -6/19      AC:  3    Str:  5    XL:     3   Next: 37%
Magic:  0/9        EV: 13    Int: 20    God:
Gold:   41         SH:  0    Dex: 15    Spells: 2/8 levels left

rFire    . . .     SeeInvis +   (no weapon)
rCold    . . .     Gourm    .   (no shield)
rNeg     . . .     Faith    .   a - +1 robe
rPois    .         Spirit   .   h - +0 hat {SInv}
rElec    .         Reflect  .   (no cloak)
rCorr    .         Harm     .   (no gloves)
MR       .....                  (no boots)
Stlth    +++.......             (no amulet)
HPRegen  0.06/turn              (no ring)
MPRegen  0.11/turn              (no ring)

@: no status effects
A: no striking features
a: no special abilities


You were on level 2 of the Dungeon.
You were not hungry.

You visited 1 branch of the dungeon, and saw 2 of its levels.

You collected 41 gold pieces.

Inventory:

Armour
 a - a +1 robe (worn)
 h - a +0 hat of see invisible (worn)
Scrolls
 e - a scroll of enchant armour
Potions
 d - a potion of lignification
 f - a potion of curing
 g - a potion of invisibility {unknown}
Comestibles
 b - 3 chunks of flesh
 c - 3 rations


   Skills:
 - Level 2.4 Dodging
 - Level 5.0 Stealth
 + Level 3.0 Spellcasting
 - Level 4.3 Conjurations


You had 2 spell levels left.
You knew the following spells:

 Your Spells              Type           Power        Failure   Level  Hunger
a - Magic Dart            Conj           ###.         2%          1    None
b - Searing Ray           Conj           ###...       3%          2    ##.....
c - Dazzling Flash        Conj/Hex       ##....       17%         3    ###....

Your spell library contained the following spells:

 Spells                   Type           Power        Failure   Level  Hunger
 Fulminant Prism          Conj/Hex       ##........   50%         4    ####...
 Iskenderun's Mystic Bla  Conj/Tloc      ##......     50%         4    ####...


Dungeon Overview and Level Annotations

Branches:
Dungeon (2/15)

Altars:

Annotations:
D:2 Terence


Message History

Terence is almost dead.
You finish channeling your searing ray.
Terence hits you with a cursed -2 mace.
Casting: Searing Ray (safe; 3% risk of failure)
Confirm with . or Enter, or press ? or * to list all spells.
Aiming: Searing Ray (safe; 3% risk of failure)
Press: ? - help, Shift-Dir - straight line, f/p - Terence
Aim: Terence, wielding a -2 mace, wearing a +3 chain mail of fire resistance and carrying a wand of random effects (7) (almost dead, berserk)
The searing ray hits Terence but does no damage.
Terence is almost dead. (Press . to maintain the ray.) Terence hits you with a cursed -2 mace. x2
The searing ray hits Terence but does no damage.
Terence is almost dead.
Terence barely misses you.
Without enough magic to sustain it, your searing ray dissipates.
Terence barely misses you.
Terence rages.
Terence hits you with a cursed -2 mace!
Ouch! That really hurt!
You die...

. .@. ############
..≈..###..@@......#
≈≈.......########.#
≈K≈.###### #.# ≈
#.# ##.#######
#........^#
#######..####....
.........# #..#
########)#####..#


You could see Terence (berserk).

Vanquished Creatures
  2 adders (D:2)
  A dart slug (D:1)
  2 giant cockroaches
  A goblin (D:1)
  3 hobgoblins (D:1)
  A jackal (D:1)
  A ball python (D:1)
  4 bats (D:1)
  4 frilled lizards (D:1)
  A kobold (D:1)
  5 rats (D:1)
25 creatures vanquished.

Notes
Turn   | Place    | Note
-------+----------+-------------------------------------------
     0 | D:1      | Bikaver the Deep Elf Conjurer began the quest for the Orb.
     0 | D:1      | Reached XP level 1. HP: 10/10 MP: 6/6
   150 | D:1      | Reached skill level 3 in Stealth
   214 | D:1      | Reached XP level 2. HP: 15/15 MP: 2/8
   218 | D:1      | Learned a level 2 spell: Searing Ray
   456 | D:1      | Reached skill level 4 in Stealth
   962 | D:2      | Reached XP level 3. HP: 19/19 MP: 4/9
   967 | D:2      | Learned a level 3 spell: Dazzling Flash
  1033 | D:2      | Reached skill level 5 in Stealth
  1069 | D:2      | Noticed Terence
  1084 | D:2      | Mangled by Terence

Illustrated notes

Levels and vault maps discovered:
D:1:      minmay_arrival_semitransparent, layout_rooms, minmay_crystal_water,
          st_stairs_8, minmay_misc_feat_hallway, serial_bayou_pond_e
D:2:      layout_loops_ring, chequers_ecumenical_altar_island, uniq_sigmund,
          uniq_terence

Skill      XL: |  1  2  3 |
---------------+----------+-----
Stealth        | 3 4 5 |  5.0
Dodging        | |  2.4
Spellcasting   | |  3.0
Conjurations   | |  4.3

Action                   || total
-------------------------++-------
Melee: Unarmed           ||     2
 Cast: Magic Dart        ||    42
       Searing Ray       ||     8
  Use: Potion            ||     1
       Scroll            ||     4
  Eat: Chunk             ||     1
Armor: Robe              ||     4
Dodge: Dodged            ||    13

Table legend:
 A = Non-vault XP
 B = Vault XP
 C = Vault XP percentage of total XP
 D = Non-vault monster count
 E = Vault monster count
 F = Vault count percentage of total count
                 A         B        C        D         E       F
            +---------+---------+-------+---------+---------+-------
      Total |      56 |       6 |   9.7 |      22 |       3 |  12.0
            +---------+---------+-------+---------+---------+-------
        D:1 |      27 |       6 |  18.2 |      19 |       3 |  13.6
        D:2 |      29 |       0 |   0.0 |       3 |       0 |   0.0
            +---------+---------+-------+---------+---------+-------
